 Dungeon Crawl Stone Soup version 0.16.2 (webtiles) character file.

16 RepoMan the Conjurer (level 2, 0/20 HPs)
             Began as a Ghoul Conjurer on Aug 14, 2015.
             Slain by a giant mite (4 damage)
             ... on level 1 of the Dungeon.
             The game lasted 00:08:56 (534 turns).

RepoMan the Conjurer (Ghoul Conjurer)                Turns: 534, Time: 00:08:56

Health: 0/20       AC:  6    Str: 11    XL:     2   Next: 58%
Magic:  4/4        EV:  8    Int: 10    God:
Gold:   32         SH:  0    Dex:  9    Spells: 1 memorised, 4 levels left

rFire  . . .     SeeInvis .     (no weapon)
rCold  + . .     Clarity  .     b - +0 scale mail
rNeg   + + +     SustAb   .     (no shield)
rPois  ∞         Gourm    .     (no helmet)
rElec  .         Spirit   .     (no cloak)
rCorr  .         Warding  .     (no gloves)
rMut   .         Stasis   .     (no boots)
MR     .....                    (no amulet)
Stlth  ..........               (no ring)
                                (no ring)

@: rotting, not resistant to hostile enchantments, extremely unstealthy
A: rotting body, claws 1, carnivore 3, cold resistance 1, negative energy
resistance 3, poison resistance, slow healing 1, torment resistance, unbreathing
a: no special abilities


You were on level 1 of the Dungeon.
You were not hungry.

You visited 1 branch of the dungeon, and saw 1 of its levels.

You collected 32 gold pieces.

Inventory:

Hand weapons
 f - a cursed -1 hunting sling
 i - a +0 club
Armour
 a - a +0 robe
 b - a +0 scale mail (worn)
 g - a +0 chain mail
Jewellery
 l - an uncursed amulet of faith
Scrolls
 d - a scroll of identify {unknown}
 e - a scroll of fear {unknown}
 j - a scroll of recharging {unknown}
 k - a scroll of amnesia {unknown}
Potions
 m - a potion of brilliance {unknown}
Books
 c - a book of Conjurations

   Spells                             Type                      Level
   a - Magic Dart                     Conjuration                  1
   b - Searing Ray                    Conjuration                  2
   c - Dazzling Spray                 Conjuration/Hexes            3
   d - Fulminant Prism                Conjuration/Hexes            4
   e - Iskenderun's Mystic Blast      Conjuration                  4
   f - Iskenderun's Battlesphere      Conjuration/Charms           5


   Skills:
 * Level 1.0 Armour
 - Level 1.7 Dodging
 - Level 2.1 Stealth
 + Level 2.1 Spellcasting
 + Level 3.4 Conjurations


You had 4 spell levels left.
You knew the following spells:

 Your Spells              Type           Power        Failure   Level  Hunger
a - Magic Dart            Conj           #...         58%         1    ##.....


Dungeon Overview and Level Annotations

Branches:
Dungeon (1/15)

Altars:


Innate Abilities, Weirdness & Mutations

Your body is rotting away.
You thrive on raw meat.
You have sharp fingernails.
You are carnivorous and can eat meat at any time.
Your flesh is cold resistant.
You are immune to negative energy.
Your system is resistant to poisons.
You heal slowly when monsters are visible.
You are immune to unholy pain and torment.
You can survive without breathing.


Message History

The giant cockroach bites you but does no damage.
You barely miss the giant cockroach.
The giant cockroach is severely wounded.
The giant cockroach closely misses you.
You scratch the giant cockroach.
You kill the giant cockroach!
You scratch the giant mite.
The giant mite is lightly wounded.
The giant mite barely misses you.
You closely miss the giant mite.
The giant mite is lightly wounded.
The giant mite barely misses you.
You scratch the giant mite but do no damage.
The giant mite is lightly wounded.
The giant mite bites you.
* * * LOW HITPOINT WARNING * * *
You scratch the giant mite but do no damage.
The giant mite is lightly wounded.
The giant mite bites you.
You die...

.# #.##...#.#... .
###.# .# #.###.##......
#.# .# #.# #.##.......
#.# .# #.# #..... #.#
.# #.# .... #.#
.###.######.###### #.#
...........>.....# #.##
####)#^####.####.# #..#
#.#.# #.# #@# ##.#
#.#.# #.# #s# #.# #.#.#
#.# #K# #.# #.#.#
#.####†# #.# #.#.#
#...##.# #.# #.#.#
###.##.######### #.#
#.#.# ##.##.........#
#.#
#.#.#####.............#
#.#
.......#..#.....##.#
#.#


You could see a giant mite and a kobold.

Vanquished Creatures
  A giant gecko (D:1)
  An ooze (D:1)
  2 giant cockroaches (D:1)
  A goblin (D:1)
  2 hobgoblins (D:1)
  2 kobolds (D:1)
  2 bats (D:1)
  A giant newt (D:1)
  A rat (D:1)
13 creatures vanquished.

Notes
Turn   | Place    | Note
--------------------------------------------------------------
     0 | D:1      | RepoMan, the Ghoul Conjurer, began the quest for the Orb.
     0 | D:1      | Reached XP level 1. HP: 14/14 MP: 2/2
   200 | D:1      | Reached XP level 2. HP: 2/20 MP: 4/4
   331 | D:1      | Reached skill level 1 in Armour
   534 | D:1      | Slain by a giant mite

Action                   || total
-------------------------++-------
Melee: Unarmed           ||    64
       Club              ||    55
  Eat: Chunk             ||     9
